 Dungeon Crawl Stone Soup version 0.23.1 (webtiles) character file.

Game seed: 18228870194185370007

20 Borgoz the Sneak (level 2, -1/20 HPs)
             Began as a Ghoul Enchanter on Mar 14, 2019.
             Slain by Terence
             ... wielding a +0 falchion
              (4 damage)
             ... on level 1 of the Dungeon.
             The game lasted 00:01:51 (932 turns).

Borgoz the Sneak (Ghoul Enchanter)                   Turns: 932, Time: 00:01:52

Health: -1/20      AC:  2    Str: 11    XL:     2   Next: 79%
Magic:  0/3        EV: 12    Int: 10    God:
Gold:   43         SH:  0    Dex:  9    Spells: 1/4 levels left

rFire    . . .     SeeInvis .   a - +1 dagger
rCold    + . .     Gourm    .   (no shield)
rNeg     + + +     Faith    .   b - +0 robe
rPois    ∞         Spirit   .   (no helmet)
rElec    .         Reflect  .   (no cloak)
rCorr    .         Harm     .   (no gloves)
MR       .....                  (no boots)
Stlth    ++........             (no amulet)
HPRegen  0.00/turn              (no ring)
MPRegen  0.08/turn              (no ring)

@: rotting
A: rotting body, claws 1, carnivore, cold resistance 1, negative energy
resistance 3, inhibited regeneration, torment resistance, unbreathing
a: no special abilities


You were on level 1 of the Dungeon.
You were not hungry.

You visited 1 branch of the dungeon, and saw 2 of its levels.

You collected 43 gold pieces.

Inventory:

Hand Weapons
 a - a +1 dagger (weapon)
Armour
 b - a +0 robe (worn)
Comestibles
 d - 2 rations


   Skills:
 * Level 1.6 Short Blades
 * Level 1.1 Armour
 + Level 2.0 Dodging
 - Level 3.2 Stealth
 - Level 1.7 Spellcasting
 - Level 2.4 Hexes


You had one spell level left.
You knew the following spells:

 Your Spells              Type           Power        Failure   Level  Hunger
a - Corona                Hex            #......      12%         1    ##.....
b - Ensorcelled Hibernat  Hex/Ice        #.....       30%         2    ###....

Your spell library contained the following spells:

 Spells                   Type           Power        Failure   Level  Hunger
 Confuse                  Hex            #.......     34%         3    ####...
 Tukima's Dance           Hex            #.......     34%         3    ####...
 Dazzling Spray           Conj/Hex       #.....       52%         3    ####...


Dungeon Overview and Level Annotations

Branches:
Dungeon (2/15)

Altars:

Annotations:
D:1 Terence


Innate Abilities, Weirdness & Mutations

Your body is rotting away.
You thrive on raw meat.
You are immune to poison.
You have sharp fingernails.
You are carnivorous and can eat meat at any time.
Your flesh is cold resistant. (rC+)
You are immune to negative energy. (rN+++)
You do not regenerate when monsters are visible.
You are immune to unholy pain and torment.
You can survive without breathing.


Message History

Terence is lightly wounded.
Terence screams, "I'm going to kill you!"
Terence hits you but does no damage.
Really walk into a travel-excluded area?
Terence hits you with a +0 falchion.
* * * LOW HITPOINT WARNING * * *
Casting: Ensorcelled Hibernation (safe; 30% risk of failure)
Confirm with . or Enter, or press ? or * to list all spells.
Aiming: Ensorcelled Hibernation (safe; 30% risk of failure)
Press: ? - help, Shift-Dir - straight line, f/p - Terence
Aim: Terence, wielding a +0 falchion and wearing a +0 chain mail (lightly wounded, chance to defeat MR: 44%) Terence resists with some effort.
Terence misses you.
You hit Terence but do no damage.
Terence is lightly wounded.
You hit Terence but do no damage.
Terence is lightly wounded.
Terence screams, "I want your blood!" Terence closely misses you.
Terence hits you with a +0 falchion.
You die...

#.#.....#.#..# #.#..........)[.
#.#.....#.#>.# #.#....).....>..
#.#..##.#.#..# #.#.............
#.......#.#..###.##............
#####.#####.#....#.##.......#####
..........#.#.#..#.##.......#
######.##.#.#......##.......#
#..#......(.#.##@####.......#
#..#.#....#####.@.# ###.....#
#..#.###### #°○§# #.....#
#..#......# #○§☼# #....##
#..######## #§☼°# #.##.#
#..#......#####...#####..#.#####
...#.#####.☼§°..[..○.§.#.#.....#
...#.#.....☼§☼.%...○○§...#.....#
.÷..........§○.....°°§...#.....#
...#....#.#####...######.#.....##


You could see Terence.

Vanquished Creatures
  2 giant cockroaches (D:1)
  7 bats (D:1)
  2 frilled lizards (D:1)
  3 goblins (D:1)
  3 kobolds (D:1)
  6 rats (D:1)
23 creatures vanquished.

Vanquished Creatures (others)
  A frilled lizard (D:1)
1 creature vanquished.

Grand Total: 24 creatures vanquished

Notes
Turn   | Place    | Note
-------+----------+-------------------------------------------
     0 | D:1      | Borgoz the Ghoul Enchanter began the quest for the Orb.
     0 | D:1      | Reached XP level 1. HP: 14/14 MP: 2/2
    37 | D:1      | Reached skill level 1 in Short Blades
   183 | D:1      | Reached XP level 2. HP: 20/20 MP: 3/3
   245 | D:1      | Reached skill level 1 in Armour
   873 | D:2      | Noticed Terence
   879 | D:1      | Learned a level 2 spell: Ensorcelled Hibernation
   932 | D:1      | Slain by Terence

Skill      XL: |  1  2 |
---------------+-------+-----
Short Blades   | 1 |  1.6
Dodging        | 2 |  2.0
Armour         | 1 |  1.1
Stealth        | |  3.2
Spellcasting   | |  1.7
Hexes          | |  2.4

Action                   || total
-------------------------++-------
Melee: Dagger            ||    64
 Cast: Ensorcelled Hiber ||     3
  Use: Potion            ||     2
       Scroll            ||     1
 Stab: Sleeping          ||     2
  Eat: Chunk             ||     8
Armor: Robe              ||    14
Dodge: Dodged            ||    47
